Map: Ley Lines

Players

Kelazhur

  • Race: Terran Terran
  • League: Master
  • Spawn Location: 1:00

Shino - Winner!

  • Race: Zerg Zerg
  • Spawn Location: 7:00

Event: HomeStory Cup XXVII

VOD

Have the link to the VOD?

Description

Time

  • Played on: June 28, 2025, 1:54 p.m.
  • Length: 10:24

All games in this series

Show
View Real Time Build Order
Export as new Build Order

Kelazhur Terran 

Build Orders:  

Get SALT Encoding   

  12  0:00  SCV  
  13  0:12  SCV  
  14  0:18  Supply Depot  
  14  0:24  SCV  
  15  0:39  SCV  
  15  0:40  Barracks  
  16  0:44  Refinery  
  16  0:51  SCV  
  17  0:59  Barracks  
  17  1:04  SCV  
  18  1:16  SCV  
  19  1:19  Barracks  
  19  1:26  Reaper  
  19  1:30  Refinery  
  20  1:42  Orbital Command  
  20  1:46  Reaper  
  21  1:54  Supply Depot  
  21  1:59  Reaper  
  22  2:08  Reaper  
  24  2:15  SCV  
  24  2:21  Reaper  
  24  2:22  Supply Depot  
  25  2:27  SCV  
  26  2:33  Reaper  
  27  2:40  Reaper, SCV  
  29  2:52  SCV  
  29  2:53  Reaper  
  31  3:01  Command Center  
  31  3:05  SCV  
  32  3:07  Reaper  
  32  3:12  Reaper  
  34  3:23  Supply Depot  
  35  3:33  SCV  
  34  3:36  Barracks Tech Lab  
  33  3:48  SCV  
  33  3:50  Barracks Reactor  
  33  3:57  Stimpack  
  33  3:58  Marine  
  33  4:00  SCV, Barracks Reactor  
  35  4:05  Command Center  
  35  4:13  Orbital Command, SCV  
  35  4:29  Marine  
  33  4:34  Marine x2  
  33  4:35  SCV  
  33  4:37  Marine x2  
  33  4:38  Factory  
  37  4:39  SCV  
  38  4:47  Marine, SCV  
  38  4:51  SCV  
  38  4:52  Marine x2  
  43  4:57  Engineering Bay  
  43  4:58  Engineering Bay  
  43  5:00  Marine, SCV  
  43  5:02  Marine  
  43  5:06  Marine  
  47  5:07  SCV  
  48  5:15  SCV  
  48  5:16  Marine  
  48  5:18  Orbital Command  
  50  5:22  SCV  
  50  5:25  Factory Reactor, Starport  
  51  5:30  Terran Infantry Armor Level 1, Terran Infantry Weapons Level 1  
  51  5:32  SCV  
  51  5:34  SCV  
  53  5:38  Marine x2  
  53  5:40  Combat Shield  
  55  5:44  Refinery, SCV x2  
  55  5:49  SCV  
  58  5:51  Marine x3  
  58  5:55  Refinery  
  58  5:56  Marine  
  62  5:58  SCV  
  62  5:59  Supply Depot, SCV  
  64  6:06  SCV  
  64  6:09  Factory Tech Lab  
  64  6:10  SCV, Medivac x2  
  64  6:11  Orbital Command  
  70  6:13  Marine x3  
  70  6:18  SCV, Armory  
  74  6:22  Supply Depot, SCV  
  74  6:23  Marine x2  
  77  6:30  SCV  
  78  6:34  Barracks  
  78  6:36  Barracks  
  78  6:39  SCV  
  79  6:42  Marine x5  
  83  6:47  Medivac x2  
  83  6:48  SCV  
  83  6:52  Supply Depot  
  88  6:57  SCV x2  
  90  7:01  Siege Tank  
  93  7:12  Supply Depot  
  93  7:13  Marine x5  
  93  7:14  SCV x2  
  100  7:28  SCV  
  101  7:31  Barracks Reactor  
  101  7:32  Barracks Reactor  
  101  7:33  Terran Infantry Weapons Level 2, Medivac x2  
  101  7:35  Refinery  
  105  7:37  SCV x2  
  105  7:38  Supply Depot  
  105  7:39  Supply Depot x2, Marine  
  108  7:50  Marine  
  109  7:59  Terran Infantry Armor Level 2  
  109  8:00  Marine x4, Siege Tank, SCV x2  
  109  8:04  SCV  
  119  8:07  Marine x3  
  119  8:11  Supply Depot  
  119  8:12  SCV x2  
  124  8:16  SCV  
  124  8:21  Marine  
  124  8:22  Marine x4  
  124  8:24  SCV x2  
  130  8:29  Medivac  
  130  8:33  Marine x4, Medivac  
  138  8:35  SCV  
  138  8:39  Marine x2  
  138  8:40  Marine  
  140  8:45  Marine  
  139  8:50  Supply Depot  
  139  8:51  Factory  
  139  8:52  Supply Depot  
  139  9:02  Marine  
  121  9:04  Marine, SCV  
  121  9:05  SCV  
  107  9:12  Marine x7  
  107  9:15  Siege Tank  
  112  9:19  Marine  
  112  9:22  Marine  
  105  9:30  Marine x6  
  104  9:37  Marine  
  77  9:47  Marine  
Show
View Real Time Build Order
Export as new Build Order

Shino Zerg - Winner!

Build Orders: Hatch First 

Get SALT Encoding   

  12  0:00  Drone  
  13  0:12  Overlord  
  13  0:17  Drone  
  14  0:30  Drone  
  14  0:31  Drone  
  16  0:45  Hatchery  
  16  0:49  Drone  
  16  0:52  Drone  
  17  0:57  Drone  
  18  1:07  Extractor  
  17  1:11  Spawning Pool  
  17  1:15  Drone  
  17  1:18  Drone  
  18  1:28  Drone  
  19  1:38  Drone  
  20  1:49  Drone  
  21  1:58  Queen x2  
  21  1:59  Zergling x2  
  21  2:00  Zergling x2  
  27  2:12  Drone  
  27  2:13  Overlord  
  27  2:15  Metabolic Boost  
  28  2:19  Extractor  
  28  2:31  Hatchery  
  27  2:38  Extractor  
  27  2:40  Queen  
  29  2:49  Drone x3  
  29  2:50  Drone  
  33  2:56  Overlord  
  33  3:00  Drone x2  
  35  3:12  Overlord  
  35  3:14  Queen  
  35  3:15  Drone x4  
  41  3:23  Zergling x4  
  42  3:29  Zergling x2  
  42  3:30  Queen  
  45  3:34  Zergling x2  
  46  3:45  Zergling x4  
  47  3:49  Overlord  
  47  3:50  Hatchery  
  47  3:55  Zergling x8  
  47  4:01  Overlord  
  50  4:08  Zergling x2  
  51  4:11  Zergling x2  
  51  4:17  Hatchery  
  52  4:24  Zergling x8  
  53  4:27  Queen  
  53  4:28  Lair  
  53  4:30  Drone x2  
  54  4:37  Drone  
  54  4:38  Drone  
  55  4:49  Drone x2  
  57  4:54  Baneling Nest  
  57  4:55  Extractor  
  57  4:58  Drone x4  
  59  5:04  Overlord x2  
  59  5:05  Queen  
  61  5:09  Drone  
  61  5:10  Drone  
  61  5:12  Drone  
  64  5:17  Drone  
  65  5:21  Drone  
  65  5:24  Drone  
  65  5:26  Drone x3  
  65  5:28  Overseer  
  70  5:30  Queen  
  70  5:31  Overlord  
  70  5:35  Zergling x8  
  75  5:39  Centrifugal Hooks  
  75  5:40  Drone  
  75  5:42  Drone  
  78  5:46  Drone  
  78  5:49  Drone, Queen  
  80  5:54  Drone  
  80  5:55  Drone  
  84  5:58  Evolution Chamber  
  84  5:59  Evolution Chamber  
  84  6:01  Drone x4  
  84  6:03  Drone  
  87  6:05  Drone  
  87  6:06  Drone  
  87  6:09  Drone  
  90  6:15  Overlord  
  90  6:21  Hatchery, Extractor x2  
  90  6:24  Drone x4  
  91  6:26  Zerg Melee Weapons Level 1  
  91  6:29  Zerg Ground Armor Level 1  
  91  6:33  Overlord  
  91  6:34  Zergling x2  
  91  6:35  Zergling x4  
  94  6:40  Zergling x10  
  99  6:47  Overlord  
  99  6:48  Overlord  
  99  6:49  Zergling x6  
  102  6:55  Zergling x8  
  102  6:59  Overlord  
  102  7:00  Zergling x6  
  109  7:03  Baneling x9  
  109  7:04  Overseer  
  109  7:07  Zergling x2  
  109  7:08  Zergling x2  
  110  7:10  Zergling x2  
  110  7:13  Zergling x6  
  114  7:21  Zergling x12  
  117  7:27  Zergling x6  
  120  7:30  Zergling x2  
  121  7:37  Zergling x2  
  121  7:38  Zergling x4  
  121  7:41  Drone x2  
  121  7:42  Drone x2  
  121  7:43  Spore Crawler  
  127  7:44  Spore Crawler  
  127  7:46  Drone  
  127  7:48  Hatchery  
  127  7:49  Drone  
  127  7:55  Zergling x12, Hatchery  
  127  7:57  Zergling x2  
  127  7:58  Zergling x2  
  134  8:05  Zergling x2  
  134  8:06  Zergling x8  
  134  8:08  Zergling x2  
  134  8:10  Zergling x2  
  140  8:14  Zergling x2  
  140  8:15  Zergling x4  
  140  8:19  Zergling x8  
  144  8:31  Overlord x4  
  144  8:32  Baneling x5  
  144  8:33  Baneling x5  
  142  8:46  Overlord x4  
  142  8:47  Overlord x2  
  122  9:04  Zergling x28  
  131  9:13  Zergling x14  
  131  9:15  Zergling x6  
  134  9:21  Drone x6  
  134  9:23  Drone  
  141  9:24  Drone  
  141  9:28  Drone x3  
  140  9:37  Zergling x12  
Tags
 
League
Master
Matchup
TvZ
Replay Pack
hsc27
Spawn Locations
Cross Positions
Add a new tag
Caveats
  • Supply blocks, unpowered buildings, or Contaminate may cause inaccurate times.
  • Supply counts are checked every 10 seconds.